 Dungeon Crawl Stone Soup version 0.19-a0-1899-g2d93087 (webtiles) character file.

46 dobroeutro the Bolt Thrower (level 3, 6/22 HPs)
             Began as a Kobold Hunter on Oct 19, 2016.
             Quit the game on level 3 of the Dungeon.
             The game lasted 00:03:11 (2150 turns).

dobroeutro the Bolt Thrower (Kobold Hunter)         Turns: 2150, Time: 00:03:11

Health: 6/22       AC:  3    Str: 10    XL:     3   Next: 95%
Magic:  3/3        EV: 14    Int: 12    God:
Gold:   100        SH:  0    Dex: 15    Spells: 0 memorised, 2 levels left

rFire  . . .     SeeInvis .     b - +0 short sword
rCold  . . .     Gourm    .     c - +0 leather armour
rNeg   . . .     Faith    .     (shield restricted)
rPois  .         Spirit   .     (no helmet)
rElec  .         Reflect  .     (no cloak)
rCorr  .         Harm     .     (no gloves)
MR     +....                    (no boots)
Stlth  +.........               (no amulet)
                                o - ring of protection from magic
                                i - ring of loudness (curse)

@: quite poisoned (6 -> 3)
A: carnivore 3
a: no special abilities


You were on level 3 of the Dungeon.
You were not hungry.

You visited 1 branch of the dungeon, and saw 3 of its levels.

You collected 100 gold pieces.

Inventory:

Hand Weapons
 a - a +1 hand crossbow
 b - a +0 short sword (weapon)
Missiles
 d - 37 bolts
Armour
 c - a +0 leather armour (worn)
Jewellery
 h - a +2 ring of intelligence
 i - a cursed ring of loudness (left hand)
 o - a ring of protection from magic (right hand)
 r - an uncursed ring of see invisible {unknown}
Scrolls
 e - a scroll of fog
Potions
 l - a potion of degeneration
 m - 2 potions of flight {unknown}
 n - a potion of mutation {unknown}
 q - a potion of heal wounds {unknown}
 s - a potion of berserk rage {unknown}
Comestibles
 f - a meat ration
 g - a beef jerky
 j - a slice of pizza


   Skills:
 + Level 2.7 Fighting
 + Level 1.8 Short Blades
 + Level 5.7 Crossbows
 - Level 2.4 Dodging
 - Level 1.3 Stealth


You had 2 spell levels left.
You didn't know any spells.

Dungeon Overview and Level Annotations

Branches:
Dungeon (3/15)

Altars:

Annotations:
D:2 Natasha


Innate Abilities, Weirdness & Mutations

You are small and have problems with some larger weapons.
You are carnivorous and can eat meat at any time.


Message History

The orc shouts!
Found a hunting sling and 11 stones.
As you read the scroll labeled YZXINO UHOMIDUST, it crumbles to dust.
The scroll dissolves into smoke.
It was a scroll of fog.
The adder bites you but does no damage. The adder misses you.
As you read the scroll labeled QAGOIK SIXUMI, it crumbles to dust.
You hear a loud clanging noise!
It was a scroll of noise.
You hear a shout! x3; You hear an angry hiss. x2; You hear a shout!
The bat hits you but does no damage. The adder misses you.
The scorpion closely misses you.
As you read the scroll labeled LOXEAJ JOIC, it crumbles to dust.
It is a scroll of identify.
l - a potion of degeneration The bat hits you but does no damage.
The adder misses you. The scorpion misses you.
Okay, then.
Are you sure you want to abandon this character and quit the game? (Confirm with "yes".)
Okay, then.
Are you sure you want to abandon this character and quit the game? (Confirm with "yes".)

#######
#b.§s@#
#..§oS#
#..§§§#
#......
#......
##...#.#
.... .#
....( .#


You could see a scorpion, an adder and an orc.

Vanquished Creatures
  An ooze (D:1)
  A worm (D:2)
  2 dart slugs
  A leopard gecko (D:2)
  A ball python (D:2)
  5 bats
  A giant cockroach (D:1)
  3 goblins
  5 hobgoblins
  5 kobolds
  A quokka (D:2)
  5 frilled lizards
  2 rats
33 creatures vanquished.

Notes
Turn   | Place    | Note
-------+----------+-------------------------------------------
     0 | D:1      | dobroeutro the Kobold Hunter began the quest for the Orb.
     0 | D:1      | Reached XP level 1. HP: 12/12 MP: 1/1
    12 | D:1      | Reached skill level 5 in Crossbows
   364 | D:1      | Reached XP level 2. HP: 18/18 MP: 2/2
   411 | D:1      | Reached skill level 1 in Short Blades
  1024 | D:1      | Reached XP level 3. HP: 13/22 MP: 3/3
  2112 | D:2      | Noticed Natasha
  2146 | D:3      | Noticed a scorpion
  2150 | D:3      | Quit the game

Vault maps used:
D:1:      dpeg_arrival_windows_large_door
D:2:      kb_forest_paths, serial_park_tiny_1, uniq_natasha
D:3:      uniq_terence

Skill      XL: |  1  2 |
---------------+-------+-----
Crossbows      | 5 |  5.7
Short Blades   | 1 |  1.8
Fighting       | |  2.7
Dodging        | |  2.4
Stealth        | |  1.3

Action                   || total
-------------------------++-------
Melee: Short sword       ||   145
 Fire: Hand crossbow     ||     4
  Use: Scroll            ||     5
 Stab: Sleeping          ||     2
  Eat: Chunk             ||     5
Armor: Leather armour    ||    30
Dodge: Dodged            ||   112
